 Dungeon Crawl Stone Soup version 0.20-a0-641-g673355a (webtiles) character file.

41 Konaa the Slasher (level 3, 0/54 HPs)
             Began as a Troll Berserker on Feb 14, 2017.
             Was a Follower of Trog.
             Killed from afar by an orc wizard (13 damage)
             ... with a puff of frost
             ... on level 4 of the Dungeon.
             The game lasted 00:09:45 (1093 turns).

Konaa the Slasher (Troll Berserker)                 Turns: 1093, Time: 00:09:46

Health: 0/54       AC:  5    Str: 31    XL:     3   Next: 32%
Magic:  2/2        EV: 10    Int:  3    God:    Trog [*.....]
Gold:   141        SH:  0    Dex:  9    Spells: 2/2 levels left

rFire    . . .     SeeInvis .   a - +0 falchion
rCold    . . .     Gourm    +   b - +0 animal skin
rNeg     . . .     Faith    .   (no shield)
rPois    .         Spirit   .   (helmet restricted)
rElec    .         Reflect  .   (no cloak)
rCorr    .         Harm     .   (gloves unavailable)
MR       .....                  (boots unavailable)
Stlth    ..........             (no amulet)
Regen    0.6/turn               (no ring)
MPRegen  0.1/turn               (no ring)

@: berserking (expiring), very quick
A: unfitting armour, claws 3, fast metabolism 3, gourmand, regeneration 1,
shaggy fur 1, tough skin 2
a: Berserk, Burn Spellbooks, Renounce Religion


You were on level 4 of the Dungeon.
You worshipped Trog.
Trog was aware of your devotion.
You were hungry.

You visited 1 branch of the dungeon, and saw 3 of its levels.

You collected 141 gold pieces.

Inventory:

Hand Weapons
 a - a +0 falchion (weapon)
Missiles
 g - 91 stones (quivered)
Armour
 b - a +0 animal skin (worn)
Jewellery
 m - an uncursed amulet of rage {unknown}
Scrolls
 e - 2 scrolls of enchant weapon {unknown}
 f - a scroll of identify {unknown}
 h - a scroll of blinking {unknown}
Potions
 i - a potion of flight {unknown}
 j - a potion of agility {unknown}
 k - a potion of degeneration {unknown}
 l - a potion of brilliance {unknown}
Comestibles
 c - 3 bread rations
 d - a meat ration


   Skills:
 + Level 2.9 Fighting
 + Level 2.9 Long Blades
 + Level 2.8 Dodging


You had 2 spell levels left.
You didn't know any spells.

Dungeon Overview and Level Annotations

Branches:
Dungeon (2/15)

Altars:


Innate Abilities, Weirdness & Mutations

You are too large for most types of armour.
You have claws for hands.
Your metabolism is lightning-fast.
You like to eat raw meat.
Your natural rate of healing is unusually fast.
You are covered in fur. (AC +1)
You have very tough skin. (AC +2)


Message History

You hear some strange, mumbled words.
A puff of flame appears from out of thin air!
The puff of flame hits you!
You miss something. Something hits you.
You barely miss something.
You hear some strange, mumbled words.
A puff of frost appears from out of thin air!
The puff of frost hits you!
* * * LOW HITPOINT WARNING * * *
You are too berserk!
You are too injured to fight recklessly!
You barely miss something.
You hear some strange, mumbled words.
A puff of frost appears from out of thin air!
The puff of frost hits you!
You miss something.
You hear some strange, mumbled words.
A puff of frost appears from out of thin air!
The puff of frost hits you!
You die...

#. #. ##.## ### ....
..% #..##.####
........#
####'####..#.##.##
#....w{@..........
#.....####.#.##.# #....
#...##.#
#.....#####..##.#
#....).<.....รท..#
#......####..######
#...........>......
.....#####.############
... #.# #.........


You could see a dart slug.

Vanquished Creatures
  An adder (D:4)
  2 orcs (D:4)
  A ball python (D:1)
  5 hobgoblins
  6 jackals (D:1)
  4 kobolds
  A quokka (D:4)
  3 bats (D:1)
  A frilled lizard (D:4)
  3 rats (D:1)
27 creatures vanquished.

Notes
Turn   | Place    | Note
-------+----------+-------------------------------------------
     0 | D:1      | Konaa the Troll Berserker began the quest for the Orb.
     0 | D:1      | Reached XP level 1. HP: 22/22 MP: 0/0
   200 | D:1      | Reached XP level 2. HP: 29/29 MP: 1/1
   986 | D:2      | You fall through a shaft for 2 floors!
  1037 | D:4      | Reached XP level 3. HP: 32/36 MP: 2/2
  1093 | D:4      | Killed from afar by an orc wizard

Vault maps used:
D:1:      eino_arrival_tree_alley
D:2:      lemuel_coloured_pillars_altar
D:4:      minmay_temple_entry_overgrown, vehumet_altar_wand_db, uniq_grinder

Action                   || total
-------------------------++-------
Melee: Falchion          ||    90
Invok: Berserk           ||     1
  Eat: Chunk             ||     3
       Bread ration      ||     1
Armor: Animal skin       ||    36
Dodge: Dodged            ||    61
       Rpst.: Falchion   ||    13
